 Dungeon Crawl Stone Soup version 0.32-a0-868-g153ae1a8d6 (webtiles) character file.

Game seed: 3845984162759488319

214 senseless the Ruffian (level 5, 0/45 HPs)
             Began as a Draconian Shapeshifter on Mar 28, 2024.
             Slain by Pikel
             ... wielding a +2 whip of electrocution
              (5 damage)
             ... on level 4 of the Dungeon.
             The game lasted 00:05:10 (3072 turns).

senseless the Ruffian (Draconian Shapeshifter)      Turns: 3072, Time: 00:05:11

Health: 0/45       AC:  5    Str: 18    XL:     5   Next: 59%
Magic:  5/5        EV: 11    Int: 11    God:
Gold:   109        SH:  0    Dex: 10    Spells: 4/4 levels left

rFire   . . .        i - +3 dagger (venom)
rCold   . . .        (no shield)
rNeg    . . .        (body armour unavailable)
rPois   .            (helmet currently unavailable)
rElec   .            (cloak currently unavailable)
rCorr   .            (gloves currently unavailable)
SInv    .            (boots currently unavailable)
Will    .....        (no amulet)
Stlth   +            (no ring)
HPRegen 0.27/turn    (no ring)
MPRegen 0.09/turn

%: no passive effects
@: beast-form
A: beast (slay +2), AC +5, unfitting armour, cold-blooded
a: Begin Untransformation


You were on level 4 of the Dungeon.
You were a hulking beast.
You visited 1 branch of the dungeon, and saw 4 of its levels.

You collected 164 gold pieces.
You spent 55 gold pieces at shops.

Inventory:

Hand Weapons
 i - a +3 dagger of venom (weapon)
Armour
 g - a +2 cloak
 j - a +0 pair of gloves
Talismans
 b - a beast talisman (active)
 c - a flux talisman
Scrolls
 h - 2 scrolls of identify
 k - 2 scrolls of teleportation
Potions
 a - 2 potions of lignification
 d - 2 potions of haste
 e - 2 potions of curing
 f - a potion of brilliance


   Skills:
 + Level 3.1 Fighting
 + Level 3.1 Dodging
 + Level 4.0 Unarmed Combat
 + Level 3.9 Shapeshifting


You had 4 spell levels left.
You didn't know any spells.
Your spell library contained the following spells:

 Spells                   Type           Power      Damage    Failure   Level
 Dazzling Flash           Conj/Hex       0%         N/A       71%         3
 Mephitic Cloud           Conj/Alch/Air  0%         N/A       71%         3
 Curse of Agony           Necr           0%         N/A       100%        5
 Silence                  Hex/Air        0%         N/A       100%        5


Dungeon Overview and Level Annotations

Branches:
Dungeon (4/15)
 Temple: D:4-7

Altars:

Shops:
D:1 ?=[

Annotations:
D:4 Pikel


Innate Abilities, Weirdness & Mutations

You are a hulking beast.
Your limbs bulge with bestial killing power. (Slay +2)
Your plain brown scales are hard. (AC +5)
You cannot fit into any form of body armour.
You are cold-blooded and may be slowed by cold attacks.


Message History

That felt strangely unrewarding.
You hit the lemure.
The lemure is poisoned.
The lemure is lightly wounded.
The lemure hits you.
You barely miss the lemure.
The lemure is lightly wounded.
The lemure hits you but does no damage.
You hit the lemure.
The lemure is moderately wounded.
The lemure misses you.
You closely miss the lemure.
Your tail-slap misses the lemure.
The lemure is moderately wounded.
The lemure misses you.
You hit the lemure.
You tail-slap the lemure, but do no damage.
The lemure is severely wounded.
The lemure hits you but does no damage.
You closely miss the lemure.
The lemure is severely wounded.
The lemure closely misses you.
You hit the lemure.
The lemure looks as sick as possible!
The lemure is almost dead.
You kill the lemure!
That felt strangely unrewarding.
You hit Pikel but do no damage. You tail-slap Pikel!
Pikel is moderately wounded.
Pikel closely misses you.
You hit Pikel.
Pikel is poisoned.
Pikel is moderately wounded.
Pikel hits you with a +2 whip of electrocution!
* * * LOW HITPOINT WARNING * * *
You hit Pikel.
Pikel looks as sick as possible!
Pikel is severely wounded.
Pikel hits you with a +2 whip of electrocution.
* * * LOW HITPOINT WARNING * * *
You hit Pikel but do no damage.
Pikel is severely wounded.
Pikel hits you with a +2 whip of electrocution.
You die...
Pikel says, "See you in Hell!"

..... .... ...... ...
.... .. . ...###.###..
#####..........
............###
#...S.K.5 #K##5###$ #h#
.# #. #.##.#### #.#
#.#......
#.######...#+##
######.##..........#
#.....#.##..........#
.........##......<...#
#.##.#......†.........+
. ......#............##


You could see Pikel (extremely poisoned).

Vanquished Creatures
  4 lemures (D:4)
  Jessica (D:2)
  Robin (D:1)
  6 adders
  4 gnolls
  A dart slug (D:1)
  A ribbon worm (D:1)
  An orc (D:2)
  7 ball pythons
  3 bats
  6 endoplasms
  3 giant cockroaches
  15 goblins
  8 hobgoblins
  3 jackals (D:4)
  6 kobolds
  A quokka (D:1)
  3 frilled lizards
  6 rats
80 creatures vanquished.

Vanquished Creatures (others)
  A rat (D:2)
1 creature vanquished.

Grand Total: 81 creatures vanquished

Notes
Turn   | Place    | Note
-------+----------+-------------------------------------------
     0 | D:1      | senseless the Draconian Shapeshifter began the quest for
                  | the Orb.
     0 | D:1      | Reached XP level 1. HP: 16/16 MP: 1/1
   189 | D:1      | Reached XP level 2. HP: 11/23 MP: 2/2
   244 | D:1      | Found Gudduedi's Magic Scroll Emporium.
   247 | D:1      | Bought a scroll of noise for 11 gold pieces
   770 | D:1      | Found Imaifiugg's Jewellery Shoppe.
   814 | D:1      | Found Fiatat's Antique Armour Emporium.
  1271 | D:1      | Bought a scroll of identify for 22 gold pieces
  1271 | D:1      | Bought a scroll of identify for 22 gold pieces
  1309 | D:2      | Noticed Robin
  1328 | D:1      | Killed Robin
  1329 | D:1      | Reached XP level 3. HP: 14/29 MP: 3/3
  1457 | D:2      | HP: 1/29 [goblin/+0 dagger[Robin] (1)]
  1582 | D:2      | Reached XP level 4. HP: 35/36 MP: 4/4
  2030 | D:2      | Noticed Jessica
  2035 | D:2      | Killed Jessica
  2290 | D:3      | Reached XP level 5. HP: 42/42 MP: 5/5
  2856 | D:3      | Reached skill level 4 in Unarmed Combat
  3026 | D:4      | Noticed a lemure
  3026 | D:4      | Noticed a lemure
  3027 | D:4      | Noticed Pikel
  3027 | D:4      | Noticed a lemure
  3038 | D:4      | Noticed a lemure
  3042 | D:4      | Killed a lemure
  3054 | D:4      | Killed a lemure
  3061 | D:4      | Killed a lemure
  3068 | D:4      | Killed a lemure
  3072 | D:4      | Slain by Pikel

Illustrated notes

Levels and vault maps discovered:
D:1:      dpeg_arrival_circle_labyrinth_c, layout_basic, serial_shops,
          nicolae_square_shop, nicolae_shop_stone, shop, nrook_campfire
D:2:      layout_basic, uniq_robin, uniq_jessica
D:3:      layout_rooms
D:4:      layout_basic, portal_sewer_entry_d, serial_shops,
          nicolae_shop_tiny_glass, uniq_pikel

Skill      XL: |  1  2  3  4  5 |
---------------+----------------+-----
Dodging        | 2 3 |  3.1
Fighting       | 2 3 |  3.1
Unarmed Combat | 4 |  4.0
Shapeshifting  | |  3.9

Action                     |  1- 3 |  4- 6 || total
---------------------------+-------+-------++-------
  Melee: Unarmed           |    99 |    24 ||   123
         Tailslap          |    16 |    15 ||    31
         Dagger            |       |   100 ||   100
    Use: Scroll            |     5 |     4 ||     9
         Potion            |     1 |       ||     1
 Armour: Skin              |    98 |    67 ||   165
  Dodge: Dodged            |    88 |    66 ||   154

Table legend: (Time is in decaauts)
 A = Elapsed time spent in this place.
 B = Non-inter-level travel time spent in this place.
 C = Inter-level travel time spent in this place.
 D = Time resting spent in this place.
 E = Time spent auto-exploring this place.
 F = Levels seen in this place.
 G = Mean time per level.
                   A        B        C        D        E       F      G
               +--------+--------+--------+--------+--------+-----+--------+
         Total |   3069 |   2894 |    175 |    176 |   2194 |   4 |  767.2 |
       Dungeon |   3069 |   2894 |    175 |    176 |   2194 |   4 |  767.2 |
               +--------+--------+--------+--------+--------+-----+--------+

Top non-repeatable levels by time:
     D:1: 1463 daAuts
     D:2: 904 daAuts
     D:3: 585 daAuts
     D:4: 116 daAuts
